Map: Eternal Empire LE

Players

PtitDrogo

  • Race: Protoss Protoss
  • League: Master
  • Spawn Location: 1:00

HeroMarine - Winner!

  • Race: Terran Terran
  • League: Master
  • Spawn Location: 7:00

Event: DreamHack SC2 Masters 2020 Summer Europe

VOD

Have the link to the VOD?

Description

Time

  • Played on: July 10, 2020, 10:40 a.m.
  • Length: 21:23

All games in this series

Show
View Real Time Build Order
Export as new Build Order

PtitDrogo Protoss 

Build Orders: 1 Gate Expand, Blink Stalkers, Colossus Rush 

Get SALT Encoding   

  12  0:00  Probe  
  13  0:12  Probe  
  14  0:17  Pylon  
  14  0:25  Probe  
  15  0:33  Probe  
  15  0:35  Gateway  
  15  0:41  Probe  
  16  0:46  Assimilator  
  17  0:51  Probe  
  18  1:03  Probe  
  19  1:15  Probe  
  20  1:22  Cybernetics Core  
  20  1:31  Nexus  
  20  1:38  Pylon  
  20  1:41  Probe  
  21  1:48  Assimilator  
  21  1:49  Adept  
  20  1:54  Probe  
  20  1:59  Warp Gate  
  23  2:07  Probe  
  24  2:09  Stalker  
  24  2:19  Probe  
  27  2:31  Probe  
  27  2:32  Twilight Council  
  28  2:39  Probe  
  28  2:43  Probe  
  32  2:47  Probe  
  32  2:55  Probe  
  32  2:57  Probe, Robotics Facility  
  33  3:07  Probe  
  33  3:09  Probe  
  35  3:17  Probe  
  35  3:18  Blink  
  35  3:19  Probe  
  36  3:22  Gateway  
  36  3:25  Probe  
  37  3:28  Gateway  
  37  3:31  Probe  
  39  3:36  Probe  
  39  3:38  Observer  
  39  3:39  Pylon  
  40  3:43  Probe  
  40  3:48  Probe, Stalker  
  45  3:51  Assimilator  
  45  3:55  Probe  
  45  3:56  Assimilator  
  45  3:57  Observer  
  45  4:00  Probe  
  48  4:08  Probe, Pylon  
  49  4:11  Stalker  
  49  4:13  Probe  
  52  4:19  Stalker  
  52  4:23  Stalker  
  53  4:27  Probe  
  53  4:28  Pylon  
  53  4:29  Pylon  
  54  4:43  Stalker  
  54  4:52  Probe x2  
  52  5:00  Probe x2  
  52  5:02  Forge  
  52  5:03  Robotics Bay  
  54  5:08  Probe x2  
  54  5:10  Nexus  
  54  5:13  Pylon  
  56  5:17  Probe  
  56  5:19  Probe  
  58  5:23  Pylon  
  58  5:25  Probe  
  58  5:30  Sentry x2  
  58  5:31  Probe  
  58  5:33  Probe  
  63  5:43  Probe  
  63  5:45  Probe, Colossus  
  63  5:46  Charge  
  63  5:50  Protoss Ground Weapons Level 1  
  63  5:55  Probe  
  70  5:57  Probe  
  67  6:07  Probe  
  67  6:09  Probe  
  67  6:10  Gateway  
  69  6:11  Gateway  
  69  6:12  Gateway  
  69  6:13  Gateway  
  69  6:14  Gateway  
  69  6:19  Probe  
  70  6:26  Shield Battery, Extended Thermal Lance  
  70  6:29  Zealot x3  
  70  6:30  Colossus  
  82  6:44  Observer  
  81  6:54  Zealot x3  
  81  6:57  Pylon  
  81  6:58  Pylon  
  81  6:59  Templar Archives  
  81  7:00  Pylon  
  87  7:04  Probe x3  
  90  7:09  Pylon  
  90  7:13  Colossus  
  90  7:16  Probe, Observer  
  90  7:19  Probe x2  
  93  7:23  Observer  
  93  7:28  Probe, Assimilator x2  
  100  7:30  Zealot x4  
  100  7:31  Probe x2  
  110  7:40  Probe  
  110  7:42  Forge  
  110  7:43  Probe  
  112  7:44  Protoss Ground Armor Level 1  
  111  7:52  Pylon  
  111  7:55  Pylon  
  111  7:56  Protoss Ground Weapons Level 2  
  111  7:57  High Templar x2  
  115  8:02  Warp Prism, Archon  
  115  8:03  Zealot x4  
  115  8:04  Zealot  
  115  8:05  Zealot  
  127  8:06  Observer  
  127  8:10  Pylon  
  127  8:11  Pylon  
  127  8:21  Nexus  
  127  8:25  Pylon  
  127  8:30  Photon Cannon  
  127  8:33  High Templar  
  127  8:34  High Templar  
  129  8:41  Archon  
  129  8:42  High Templar x2  
  129  8:43  Zealot x4  
  129  8:46  Archon  
  141  8:58  Immortal  
  141  8:59  Probe  
  134  9:04  Probe  
  134  9:09  Robotics Facility  
  139  9:15  Nexus  
  139  9:17  Pylon  
  139  9:22  Unknown  
  139  9:24  Shield Battery  
  139  9:25  Stalker x6  
  139  9:26  Zealot x2  
  153  9:37  Immortal  
  157  9:48  Shield Battery  
  157  9:50  Shield Battery  
  157  9:52  Pylon  
  153  9:57  Stalker x3  
  153  9:58  Zealot x2, High Templar x2  
  167  10:02  Archon  
  167  10:05  Immortal  
  171  10:09  Protoss Ground Armor Level 2  
  171  10:13  Immortal  
  175  10:26  Protoss Ground Weapons Level 3  
  171  10:29  Probe  
  171  10:33  Probe x3  
  171  10:34  Immortal  
  171  10:35  Gateway  
  171  10:37  Gateway  
  171  10:38  Gateway  
  171  10:41  Gateway  
  167  10:46  Immortal  
  173  10:58  High Templar x4  
  173  10:59  Zealot x3  
  187  11:04  Archon  
  187  11:05  Archon  
  187  11:14  Pylon, Observer  
  187  11:15  Nexus  
  188  11:25  Observer  
  185  11:33  Zealot x7  
  189  11:48  Stalker x5  
  158  11:57  Stalker x2  
  158  11:58  Stalker x5  
  164  12:05  Colossus  
  156  12:10  Protoss Ground Armor Level 3  
  156  12:13  Immortal  
  156  12:17  Stalker x3  
  106  12:50  Zealot x4  
  114  12:52  Sentry  
  114  12:53  Colossus  
  114  12:55  High Templar  
  114  12:56  High Templar x4  
  114  12:57  Zealot, High Templar  
  129  13:01  Assimilator  
  129  13:02  Protoss Shields Level 1, Archon x2  
  129  13:03  Immortal, Archon  
  129  13:05  Assimilator  
  135  13:10  Shield Battery, Photon Cannon  
  135  13:11  Zealot x2  
  139  13:33  Probe x2  
  139  13:37  Disruptor  
  139  13:43  Robotics Facility  
  139  13:45  Observer, Disruptor  
  139  13:46  Stalker x5  
  139  13:47  Zealot x6  
  159  14:13  Colossus  
  159  14:16  Stalker x5  
  175  14:21  Colossus  
  175  14:25  Zealot  
  175  14:27  High Templar x3  
  175  14:28  Zealot x2, High Templar  
  189  14:32  Archon x2  
  187  14:41  Colossus  
  193  14:45  Stalker  
  195  14:54  Stalker  
  195  14:55  Stalker  
  199  15:01  Protoss Shields Level 2  
  191  15:16  Stalker x4, Zealot x2  
  131  15:30  Stalker x6  
  137  15:46  Zealot x5  
  138  15:52  Nexus  
  138  15:54  Pylon, Disruptor  
  138  15:56  High Templar x7  
  146  16:00  Archon x3  
  149  16:07  Sentry, High Templar  
  149  16:08  Zealot x3, Disruptor x2  
  159  16:14  Archon  
  165  16:28  Zealot x6  
  165  16:29  Observer  
  165  16:30  High Templar  
  165  16:31  High Templar  
  181  16:35  Archon  
  182  16:42  Photon Cannon  
  182  16:46  Assimilator  
  182  16:50  Assimilator  
  182  16:51  Zealot x5  
  187  17:05  Stalker x3, Zealot x2  
  197  17:15  Stalker x2  
  193  17:27  Stalker x4, Zealot  
  189  17:52  Zealot x5  
  189  17:54  Templar Archives  
  199  18:06  Observer  
  196  18:20  Nexus  
  196  18:23  Pylon  
  190  18:31  High Templar x3  
  190  18:32  Stalker, High Templar  
  200  18:36  Archon  
  200  18:37  Archon  
  198  18:44  Shield Battery  
  198  18:46  Shield Battery  
  198  18:47  Shield Battery  
  198  18:50  Shield Battery  
  198  18:51  Photon Cannon  
  198  18:52  Shield Battery  
  198  18:55  Pylon  
  189  19:02  Stalker  
  189  19:03  Stalker x4  
  189  19:05  Zealot  
  200  19:13  Pylon  
  198  19:19  Photon Cannon  
  173  19:28  Zealot x10  
  187  19:37  Cybernetics Core, Nexus  
  187  19:40  Pylon  
  186  19:48  High Templar x3  
  186  19:49  Zealot x3, High Templar  
  186  19:52  Archon  
  172  20:01  Archon  
  144  20:07  Zealot x3  
  122  20:16  Probe  
  75  20:26  High Templar x7  
  75  20:27  Zealot x3  
  75  20:28  Immortal x2  
  89  20:30  Archon x3  
Show
View Real Time Build Order
Export as new Build Order

HeroMarine Terran - Winner!

Build Orders:  

Get SALT Encoding   

  12  0:01  SCV  
  13  0:13  SCV  
  14  0:17  Supply Depot  
  14  0:25  SCV  
  15  0:38  SCV  
  15  0:41  Barracks  
  16  0:44  Refinery  
  16  0:51  SCV  
  17  1:03  SCV  
  18  1:15  SCV  
  19  1:28  Orbital Command, Marine  
  20  1:42  Command Center  
  20  1:53  Factory  
  20  1:56  SCV  
  21  2:03  Barracks Reactor  
  21  2:08  SCV  
  22  2:13  Supply Depot  
  22  2:17  Bunker  
  22  2:20  SCV  
  23  2:34  SCV  
  24  2:37  Hellion  
  24  2:41  Starport  
  24  2:42  Marine x2  
  28  2:47  SCV  
  29  2:59  SCV, Orbital Command  
  29  3:03  Hellion  
  29  3:05  Marine  
  33  3:08  Marine  
  33  3:11  SCV  
  35  3:18  Medivac  
  37  3:25  Supply Depot, Hellion  
  39  3:27  SCV  
  39  3:28  SCV  
  39  3:30  Marine  
  39  3:33  Marine  
  43  3:39  SCV  
  43  3:40  SCV  
  45  3:44  Refinery  
  45  3:48  Factory Tech Lab  
  45  3:50  Marine x2  
  45  3:51  SCV  
  45  3:52  SCV  
  49  3:57  Supply Depot  
  49  3:59  Starport Tech Lab  
  49  4:00  Barracks  
  49  4:06  SCV  
  49  4:08  SCV, Barracks  
  51  4:11  Marine x2  
  53  4:18  SCV  
  53  4:20  SCV  
  53  4:26  Siege Tank  
  53  4:29  Marine x2  
  58  4:32  SCV  
  58  4:33  SCV  
  56  4:47  SCV x2, Marine x2  
  54  4:57  Barracks Tech Lab  
  54  5:00  Siege Tank  
  54  5:01  Command Center  
  54  5:03  Supply Depot  
  54  5:04  Marauder, Marine  
  54  5:05  Concussive Shells, Marine  
  54  5:06  SCV  
  60  5:07  SCV  
  60  5:14  Refinery  
  60  5:16  Supply Depot, Marauder  
  62  5:21  Stimpack  
  62  5:24  SCV x2, Marine x2  
  62  5:26  Refinery  
  68  5:28  Marauder  
  68  5:38  SCV x2, Marauder  
  68  5:42  Starport Reactor, Marine x2  
  71  5:50  SCV x2  
  71  5:51  Marauder  
  71  5:56  Engineering Bay x2  
  73  5:59  Marauder, Marine  
  73  6:02  SCV, Marine  
  78  6:08  SCV, Siege Tank  
  82  6:14  SCV  
  82  6:15  Barracks  
  82  6:17  Combat Shield  
  82  6:18  Orbital Command  
  83  6:20  SCV  
  83  6:22  Barracks  
  83  6:23  Marine  
  83  6:25  Marine  
  86  6:28  Marine x2  
  86  6:32  SCV x2  
  90  6:36  Terran Infantry Weapons Level 1, Terran Infantry Armor Level 1  
  90  6:43  Orbital Command  
  90  6:44  SCV x2  
  90  6:45  Siege Tank  
  95  6:51  Supply Depot  
  95  6:52  Supply Depot  
  94  6:58  Marauder x2  
  94  6:59  SCV x2  
  100  7:08  Supply Depot  
  100  7:09  Barracks Reactor, Supply Depot, Barracks Tech Lab  
  100  7:12  SCV, Medivac x2  
  100  7:14  SCV x2  
  107  7:22  Missile Turret  
  107  7:23  Marauder x2  
  107  7:25  SCV  
  107  7:26  SCV x2  
  107  7:28  Refinery  
  107  7:29  Marine  
  114  7:30  Refinery, Marine  
  116  7:37  SCV, Marauder  
  116  7:38  SCV x2  
  116  7:39  Armory  
  116  7:42  Medivac  
  123  7:48  Medivac  
  123  7:49  Marauder  
  123  7:50  Marauder  
  129  7:52  SCV x3  
  129  7:55  Marine  
  133  8:01  Marine x3  
  133  8:02  Supply Depot  
  133  8:03  Supply Depot  
  133  8:04  Supply Depot, Marauder  
  138  8:10  Marauder  
  138  8:12  Marauder  
  141  8:20  Starport  
  141  8:23  Viking x2  
  141  8:25  Marauder  
  141  8:26  Factory Reactor  
  147  8:27  Marine x2  
  147  8:28  Supply Depot  
  147  8:32  Marauder  
  150  8:37  Terran Infantry Weapons Level 2  
  150  8:42  Command Center  
  150  8:46  Terran Infantry Armor Level 2  
  150  8:47  Terran Ship Weapons Level 1  
  150  8:52  Marauder x2  
  150  8:54  SCV  
  150  8:55  SCV x2  
  152  9:06  Viking  
  152  9:07  SCV x3  
  152  9:08  Viking  
  158  9:12  Bunker  
  158  9:19  SCV x3  
  161  9:27  Ghost Academy  
  161  9:30  Medivac x2, Barracks  
  161  9:31  Barracks x2  
  164  9:36  Viking  
  164  9:38  Viking  
  168  9:47  Marine x4  
  168  9:50  Supply Depot  
  168  9:51  Supply Depot  
  172  9:58  SCV x3  
  175  10:00  Viking  
  175  10:03  Ghost x3  
  175  10:04  Enhanced Shockwaves  
  183  10:08  Unknown  
  183  10:16  Marine x2  
  183  10:17  Barracks Reactor, Marine x2  
  88  10:21  Viking x2  
  186  10:23  Viking  
  186  10:26  SCV x3  
  193  10:44  Ghost x3  
  193  10:49  Barracks Reactor  
  199  10:53  Planetary Fortress  
  199  10:54  Command Center  
  199  10:55  Missile Turret  
  199  10:58  Marine  
  200  11:08  Terran Infantry Weapons Level 3  
  200  11:13  Command Center  
  193  11:33  Ghost x3  
  193  11:35  Terran Ship Weapons Level 2  
  199  11:43  Ghost  
  166  11:55  Barracks Tech Lab  
  166  11:56  Marine x4  
  166  11:59  Marine  
  166  12:00  Marine  
  164  12:01  Ghost  
  164  12:02  Marauder  
  164  12:03  Marauder  
  164  12:05  Command Center  
  159  12:12  Marine  
  159  12:13  Marine x2  
  159  12:14  Marine x2  
  150  12:17  Marine x2  
  150  12:19  Marauder  
  150  12:21  Liberator  
  150  12:22  Liberator x2  
  155  12:23  Medivac  
  155  12:24  Marauder x2  
  155  12:25  SCV x2  
  155  12:27  SCV x2  
  141  12:30  Marine x2  
  141  12:31  Marine x2  
  141  12:35  Marine x2  
  141  12:36  Marine  
  137  12:37  SCV  
  137  12:38  SCV  
  137  12:39  SCV x2  
  137  12:41  Marauder  
  137  12:44  Orbital Command  
  137  12:45  Marauder x2  
  137  12:48  Ghost, Marauder  
  137  12:49  SCV  
  137  12:50  SCV  
  147  12:51  SCV  
  147  12:53  Medivac  
  150  13:01  Ghost  
  150  13:03  Fusion Core  
  150  13:05  Marine, Personal Cloaking  
  152  13:06  Ghost x2, Marine x2  
  152  13:08  Missile Turret  
  152  13:10  Marine  
  152  13:11  Marauder, Refinery, Marine x2  
  164  13:14  Planetary Fortress  
  164  13:23  SCV x2  
  164  13:25  SCV  
  166  13:30  Ghost x2  
  166  13:33  Marauder, Marine x4  
  166  13:34  Marine x2  
  177  13:35  Viking, Marauder, Marine  
  177  13:41  Viking x2  
  187  13:50  Advanced Ballistics  
  187  13:53  Orbital Command, Marauder  
  187  13:55  Marauder  
  191  13:59  Viking  
  193  14:05  Viking, Command Center  
  193  14:06  Terran Ship Weapons Level 3  
  195  14:11  Marauder x2  
  199  14:22  Viking x2  
  199  14:28  Marauder  
  199  14:30  Terran Infantry Armor Level 3  
  196  14:34  Refinery  
  196  14:37  Marauder x2  
  196  14:38  Marauder x2  
  196  14:42  Viking x2  
  200  14:48  Command Center  
  194  15:09  Rapid Reignition System  
  194  15:11  Marauder  
  193  15:14  Command Center  
  184  15:23  Marauder  
  184  15:24  Marine  
  184  15:25  Marauder, Marine  
  184  15:27  Marine x3  
  168  15:29  Marauder, Marine x2  
  168  15:32  Marauder  
  168  15:35  Medivac x4  
  161  15:39  Orbital Command  
  159  15:44  Marauder  
  159  15:46  Marauder  
  159  15:47  Marauder  
  165  15:55  Ghost  
  165  15:56  Marauder  
  160  16:05  Viking x3, Ghost  
  160  16:07  Ghost  
  170  16:14  Sensor Tower  
  170  16:16  Viking  
  170  16:17  Marauder x2  
  176  16:18  Marine x3  
  179  16:26  Marauder  
  179  16:29  Sensor Tower  
  179  16:30  Orbital Command  
  181  16:35  Viking  
  183  16:42  Viking  
  183  16:43  Viking, Terran Vehicle And Ship Armor Level 1  
  194  17:07  Liberator x2  
  190  17:12  Liberator x2  
  193  17:19  Planetary Fortress  
  193  17:21  Unknown  
  182  17:45  Starport  
  182  17:47  Command Center, Marauder x2  
  182  17:48  Command Center  
  182  17:49  Missile Turret  
  182  17:50  Liberator x2  
  182  17:51  Marauder, Marine x2  
  192  17:55  Liberator x2  
  200  18:04  Command Center  
  198  18:23  Starport Reactor  
  198  18:25  Command Center  
  197  18:33  Liberator  
  196  18:37  Liberator  
  196  18:38  Liberator  
  197  18:57  Terran Vehicle And Ship Armor Level 2  
  197  18:58  Nuke  
  184  19:09  Ghost x2  
  176  19:10  Marauder  
  176  19:11  Marauder x2  
  176  19:13  Marine x3  
  176  19:14  Command Center, Marine  
  170  19:32  Marauder x3  
  170  19:36  Marine x5  
  170  19:37  Marine, Liberator x2  
  170  19:38  Medivac x3  
  182  19:39  Marauder x2  
  182  19:41  Medivac  
  190  19:48  Ghost Academy  
  190  19:49  Orbital Command  
  190  19:52  Ghost  
  190  19:53  Ghost, Marauder  
  190  19:54  Marine x2  
  190  19:59  Ghost x2  
  189  20:06  Marine  
  189  20:07  Marine x2  
  166  20:08  Marine  
  166  20:11  Marine  
  166  20:14  Ghost  
  167  20:18  Marine  
  136  20:21  Ghost x2  
  136  20:24  Marine  
  136  20:28  Ghost  
  134  20:29  Marauder  
  134  20:32  Planetary Fortress  
  136  20:38  Nuke  
  136  20:41  Missile Turret  
  136  20:42  Marine  
  137  20:43  Marauder  
  138  20:50  Marauder x2  
  138  20:51  Marauder  
Tags
 
Add a new tag
Caveats
  • Supply blocks, unpowered buildings, or Contaminate may cause inaccurate times.
  • Supply counts are checked every 10 seconds.